 Dungeon Crawl Stone Soup version 0.31-a0-963-ga325b2283a (webtiles) character file.

Game seed: 11030210461071613196

469 LeprechaunX the Changeling (level 7, -1/46 HPs)
             Began as an Octopode Shapeshifter on Oct 24, 2023.
             Was a Believer of Dithmenos.
             Slain by an iguana (10 damage)
             ... on level 5 of the Dungeon.
             The game lasted 00:03:06 (3633 turns).

LeprechaunX the Changeling (Octopode Shapeshifter)  Turns: 3633, Time: 00:03:06

Health: -1/46      AC:  1    Str: 22    XL:     7   Next: 9%
Magic:  8/8        EV: 13    Int: 12    God:    Dithmenos [**....]
Gold:   193        SH:  0    Dex: 11    Spells: 6/6 levels left

rFire   . . .        q - +4 short sword
rCold   . . .        (no shield)
rNeg    . . .        (helmet currently unavailable)
rPois   .            (no amulet)
rElec   .            m - +6 ring of strength
rCorr   .            (no ring)
SInv    .            (no ring)
Will    .....        (no ring)
Stlth   +++          (no ring)
HPRegen 0.27/turn    (no ring)
MPRegen 0.11/turn    (no ring)
                     (no ring)

%: no passive effects
@: beast-form, wreathed by umbra
A: beast (slay +2), almost no armour, amphibious, 8 rings, camouflage 1,
gelatinous body 1, (nimble swimmer 1), tentacles
a: Begin Untransformation, Renounce Religion, Shadow Step


You were on level 5 of the Dungeon.
You worshipped Dithmenos.
Dithmenos was pleased with you.
You were a hulking beast.
You visited 1 branch of the dungeon, and saw 5 of its levels.

You collected 193 gold pieces.

Inventory:

Hand Weapons
 a - a +0 sling
 q - a +4 short sword (weapon)
Missiles
 v - 4 javelins
 x - 2 boomerangs
Jewellery
 m - a +6 ring of strength (left tentacle)
 y - a +6 ring of intelligence
Talismans
 b - a beast talisman
 c - a flux talisman
Scrolls
 d - 2 scrolls of revelation {unknown}
 g - 4 scrolls of teleportation {unknown}
 h - 2 scrolls of poison {unknown}
 i - 6 scrolls of identify {unknown}
 j - 2 scrolls of fear {unknown}
 n - a scroll of blinking {unknown}
 o - 2 scrolls of amnesia {unknown}
 r - 2 scrolls of fog {unknown}
 t - a scroll of noise {unknown}
 u - a scroll of summoning {unknown}
 z - a scroll of immolation {unknown}
 B - a scroll of enchant weapon {unknown}
Potions
 e - 3 potions of haste {unknown}
 f - 2 potions of magic {unknown}
 k - a potion of lignification
 l - a potion of invisibility {unknown}
 p - a potion of enlightenment {unknown}
 s - a potion of degeneration {unknown}
 w - 2 potions of curing {unknown}
 A - a potion of brilliance {unknown}
 C - a potion of heal wounds {unknown}


   Skills:
 + Level 3.1 Fighting
 + Level 3.4 Dodging
 + Level 4.1 Unarmed Combat
 + Level 2.6 Invocations
 * Level 4.8 Shapeshifting


You had 6 spell levels left.
You didn't know any spells.
Your spell library was empty.

Dungeon Overview and Level Annotations

Branches:
Dungeon (5/15)
 Temple: D:4-7

Altars:
Dithmenos


Innate Abilities, Weirdness & Mutations

You are a hulking beast.
Your limbs bulge with bestial killing power. (Slay +2)
You cannot wear most types of armour.
You are amphibious.
You can wear up to eight rings at the same time.
Your skin changes colour to match your surroundings (Stealth+).
Your rubbery body absorbs attacks. (AC +1, EV +1)
((You are camouflaged when in or above water. (Stealth+)))
You have tentacles for arms and can constrict up to eight enemies at once.


Message History

You feel very sick.
You feel very sick. The scorpion attacks as it pursues you!
The scorpion closely misses you. The scorpion barely misses you.
The orc attacks as it pursues you! The orc hits you with a +0 hand axe.
You feel sick.
You feel sick.
You feel sick.
You barely miss the scorpion. You grab the scorpion.
You constrict the scorpion, but do no damage.
You feel sick. The scorpion stings you.
You puncture the scorpion! You squeeze the scorpion.
You kill the scorpion!
Dithmenos accepts your kill.
You feel sick.
Your Fighting skill increases to level 3!
You have reached level 7!
You hit the orc. You grab the orc. You squeeze the orc.
You kill the orc!
Dithmenos accepts your kill.
You feel sick.
You barely miss the orc. Your grab misses the orc.
You feel sick.
You are no longer poisoned.
The orc barely misses you.
You puncture the orc! Your grab misses the orc.
The orc is almost dead.
The orc hits you with a +1 short sword of draining.
You feel drained.
You closely miss the orc. Your grab misses the orc. You squeeze the orc.
You kill the orc!
Dithmenos accepts your kill.
Your life force feels restored.
You barely miss the iguana. You grab the iguana.
You tentacle-slap the iguana, but do no damage.
You constrict the iguana. The iguana bites you!
* * * LOW HITPOINT WARNING * * *
You puncture the iguana!
The iguana is severely wounded.
You constrict the iguana. The iguana bites you!
You die...

######.#.#.####..#
# #.........#
#.#...#####.#
###.#)..### #.#
..........###.#
###.#.........# ..
##..#.#####
##..########..#...
#......hlo##..###.#
#...#####.##..# .#
# #......# #
#?.##.## #oo##.#
.......ol...#
...####o...##
...#.# ......#


You could see an iguana and an orc.

Vanquished Creatures
  A phantom (D:5)
  2 scorpions
  A jelly (D:5)
  A hound (D:4)
  3 iguanas (D:5)
  Robin (D:2)
  4 adders
  A shadow imp (D:5)
  A worm (D:3)
  3 dart slugs
  8 orcs
  2 bats (D:2)
  10 endoplasms
  2 giant cockroaches
  10 goblins (D:2)
  6 hobgoblins
  3 quokkas
  A ball python (D:2)
  A frilled lizard (D:3)
  4 kobolds
  5 rats
70 creatures vanquished.

Notes
Turn   | Place    | Note
-------+----------+-------------------------------------------
     0 | D:1      | LeprechaunX the Octopode Shapeshifter began the quest for
                  | the Orb.
     0 | D:1      | Reached XP level 1. HP: 13/13 MP: 1/1
   469 | D:1      | Reached XP level 2. HP: 18/18 MP: 2/2
   609 | D:1      | Found a faded altar of an unknown god.
   798 | D:1      | Prayed at the altar of an unknown god.
   798 | D:1      | Became a worshipper of Dithmenos the Shadowed
   798 | D:1      | Reached * piety under Dithmenos
   925 | D:2      | Noticed Robin
   946 | D:2      | Killed Robin
   947 | D:2      | Reached XP level 3. HP: 13/23 MP: 3/3
  1340 | D:2      | Reached skill level 1 in Invocations
  1401 | D:2      | Reached XP level 4. HP: 26/29 MP: 4/4
  2568 | D:4      | Reached ** piety under Dithmenos
  2569 | D:4      | Reached XP level 5. HP: 26/34 MP: 4/6
  3102 | D:5      | Entered Level 5 of the Dungeon
  3116 | D:5      | Noticed a phantom
  3130 | D:5      | Killed a phantom
  3131 | D:5      | Reached XP level 6. HP: 26/41 MP: 7/7
  3628 | D:5      | Reached XP level 7. HP: 21/46 MP: 8/8
  3633 | D:5      | Slain by an iguana

Illustrated notes

Levels and vault maps discovered:
D:1:      roderic_chinese_lattice_arrival, layout_loops_corners,
          chequers_ecumenical_altar_simple_redux
D:2:      layout_loops_ring, uniq_robin
D:3:      layout_loops_corners
D:4:      layout_basic
D:5:      layout_loops_ring, eat_drink_and_be_merry_uskayaw

Skill      XL: |  1  2  3  4  5  6 |
---------------+-------------------+-----
Invocations    | 1 2 |  2.6
Fighting       | 2 3 |  3.1
Shapeshifting  | 4 |  4.8
Dodging        | 3 |  3.4
Unarmed Combat | 4 |  4.1

Action                     |  1- 3 |  4- 6 |  7- 9 || total
---------------------------+-------+-------+-------++-------
  Melee: Unarmed           |    53 |     1 |       ||    54
         Constrict         |    14 |    18 |     2 ||    34
         Tentacles         |     9 |    21 |     2 ||    32
         Short sword       |       |    82 |     6 ||    88
         Punch             |       |     1 |     1 ||     2
   Stab: Sleeping          |     5 |     8 |       ||    13
 Armour: Skin              |     9 |    30 |     3 ||    42
  Dodge: Dodged            |    28 |    46 |     1 ||    75

Table legend: (Time is in decaauts)
 A = Elapsed time spent in this place.
 B = Non-inter-level travel time spent in this place.
 C = Inter-level travel time spent in this place.
 D = Time resting spent in this place.
 E = Time spent auto-exploring this place.
 F = Levels seen in this place.
 G = Mean time per level.
                   A        B        C        D        E       F      G
               +--------+--------+--------+--------+--------+-----+--------+
         Total |   3627 |   3394 |    233 |      0 |   2943 |   5 |  725.4 |
       Dungeon |   3627 |   3394 |    233 |      0 |   2943 |   5 |  725.4 |
               +--------+--------+--------+--------+--------+-----+--------+

Top non-repeatable levels by time:
     D:3: 875 daAuts
     D:1: 840 daAuts
     D:2: 790 daAuts
     D:4: 589 daAuts
     D:5: 530 daAuts
